 Dungeon Crawl Stone Soup version 0.27.1-15-g792fb953b9 (webtiles) character file.

Game seed: 9058397217564085262

43 jbasstz the Skirmisher (level 3, -2/28 (36) HPs)
             Began as a Troll Abyssal Knight on Nov 20, 2021.
             Was a Believer of Lugonu.
             Slain by a kobold (4 damage)
             ... on level 2 of the Dungeon.
             The game lasted 00:02:42 (935 turns).

jbasstz the Skirmisher (Troll Abyssal Knight)        Turns: 935, Time: 00:02:42

HP:   -2/28 (36)    AC:  4    Str: 21    XL:     3   Next: 37%
MP:   3/3           EV: 10    Int:  8    God:    Lugonu [**....]
Gold: 70            SH:  0    Dex:  9    Spells: 2/2 levels left

rFire    . . .     SeeInvis .     - Unarmed
rCold    . . .     Faith    .   (no shield)
rNeg     . . .     Spirit   .   a - +0 robe
rPois    .         Reflect  .   (helmet restricted)
rElec    .         Harm     .   (no cloak)
rCorr    .         Rampage  .   (gloves unavailable)
Will     .....                  (boots unavailable)
Stlth    +.........             (no amulet)
HPRegen  1.09/turn              (no ring)
MPRegen  0.08/turn              (no ring)

@: heavily drained
A: large, unfitting armour, claws 3, regeneration 1, shaggy fur 1, tough skin 1
a: Renounce Religion, Depart the Abyss, Bend Space


You were on level 2 of the Dungeon.
You worshipped Lugonu.
Lugonu was pleased with you.
You visited 1 branch of the dungeon, and saw 2 of its levels.
You visited the Abyss 1 time.

You collected 70 gold pieces.

Inventory:

Armour
 a - a +0 robe (worn)
Scrolls
 b - a scroll of magic mapping {unknown}
 c - 2 scrolls of noise {unknown}
 d - a scroll of immolation {unknown}
 f - a scroll of enchant armour {unknown}
Potions
 e - a potion of mutation {unknown}


   Skills:
 + Level 2.9 Fighting
 + Level 2.3 Dodging
 + Level 0.1 Stealth
 + Level 2.6 Unarmed Combat
 + Level 1.6 Invocations


You had 2 spell levels left.
You didn't know any spells.
Your spell library was empty.

Dungeon Overview and Level Annotations

Branches:
Dungeon (2/15)

Altars:


Innate Abilities, Weirdness & Mutations

You are too large for most types of armour.
You have claws for hands.
Your natural rate of healing is unusually fast.
You are covered in fur. (AC +1)
You have tough skin. (AC +1)


Message History

The adder closely misses you.
You scratch the adder but do no damage.
The adder is moderately wounded.
You feel sick. The kobold barely misses you. The adder barely misses you.
The adder misses you.
You scratch the adder.
The adder is heavily wounded.
You feel sick. The kobold hits you but does no damage.
You feel drained. The adder closely misses you. The adder barely misses you.
You scratch the adder.
The adder is severely wounded.
You feel sick. The adder barely misses you.
The kobold hits you with a +1 short sword of draining.
You feel drained. The adder closely misses you.
The adder bites you but does no damage.
You scratch the adder.
You kill the adder!
Lugonu accepts your kill.
You feel sick. The adder bites you but does no damage.
The kobold barely misses you.
You feel sick. The adder closely misses you.
The kobold hits you but does no damage.
You feel drained. The adder closely misses you.
You see here an adder corpse.
You scratch the adder but do no damage.
You feel sick.
The kobold hits you with a +1 short sword of draining.
You feel drained. The adder bites you.
You barely miss the adder.
You feel sick.
You are no longer poisoned.
The kobold hits you with a +1 short sword of draining.
You feel drained. The adder bites you.
You closely miss the adder. The adder bites you.
The kobold hits you with a +1 short sword of draining.
* * * LOW HITPOINT WARNING * * *
You feel drained.
* * * LOW HITPOINT WARNING * * *
You barely miss the adder. The adder bites you.
* * * LOW HITPOINT WARNING * * *
The kobold hits you with a +1 short sword of draining.
You die...

#... # ....####.# ... . .
.......#.###... # ####.
#............. #
...#.###.....#..... . ..
#.#.#............ ...
...#..>...........##...#
.............#S#.....".#
.......#..#...@....?....
...#...#..##.#K.......##
.............##........#
.......(..#..##........?
......##..#.#..#.........#
..........#..............$
#.....................#..#
........................##
..........#............


You could see an adder and a kobold.

Vanquished Creatures
  An adder (D:2)
  3 dart slugs (D:1)
  2 endoplasms (D:1)
  2 giant cockroaches (D:1)
  2 goblins (D:1)
  A hobgoblin (D:1)
  4 jackals (D:1)
  4 kobolds
  A quokka (D:1)
  3 ball pythons
  A bat (D:1)
  A rat (D:1)
25 creatures vanquished.

Notes
Turn   | Place    | Note
-------+----------+-------------------------------------------
     0 | Abyss:1  | jbasstz the Troll Abyssal Knight began the quest for the
                  | Orb.
     0 | Abyss:1  | Reached XP level 1. HP: 22/22 MP: 1/1
    15 | D:1      | Escaped the Abyss
   216 | D:1      | Reached XP level 2. HP: 29/29 MP: 2/2
   224 | D:1      | Found a faded altar of an unknown god.
   449 | D:1      | Reached ** piety under Lugonu
   608 | D:1      | Reached XP level 3. HP: 31/36 MP: 3/3
   935 | D:2      | Slain by a kobold

Illustrated notes

Levels and vault maps discovered:
D:1:      dpeg_arrival_central, layout_basic, chequers_ecumenical_altar_simple,
          minmay_domino_4
D:2:      layout_basic, minmay_liquid_box, grunt_decor_junction, st_stairs_14,
          minmay_tall_x

Skill      XL: |  1 |
---------------+----+-----
Dodging        | 2 |  2.3
Fighting       | |  2.9
Stealth        | |  0.1
Unarmed Combat | |  2.6
Invocations    | |  1.6

Action                   || total
-------------------------++-------
Melee: Unarmed           ||    85
 Stab: Sleeping          ||     1
Armor: Robe              ||    30
Dodge: Dodged            ||    49
